cohdb
Replays
Latest Replays
All Replays
Popular Replays
Top Player Replays
Match Explorer
How It Works
Community
CoH3 Stats
Reddit
Sign in to upload your games and track your stats! →
Sign in with Steam
Match 40997904
Unlisted
Match 40997904
Overview
Messages
Build Orders
End
Panzergrenadier Squad
Panzergrenadier Squad
Selects Panzerjäger Kommand Battlegroup
Selects Mine Fields
250 Light Carrier
Construct Light Support Kompanie
Selects Tank Busters
Panzerjäger Squad
Fire Support Elements
Panzerjäger Mechanized Group
Selects Defensive Positions
Flakvierling Half-track
2.5-tonne Medical Truck
Construct Panzerarmee Kommand
Selects Butterfly Bomb Drop
Butterfly Bomb Drop
Vehicle Survival Package
Emergency Repair Kits
Rapid Advance
Selects Crew Shock Tactics
Tungsten Core Ammunition
Butterfly Bomb Drop
Armored Reserves
Advanced Optics
^3
DIV 250 BigBoss
Chicharrone$DeCaí
Septimus
Africanoblanco
Derlis
0
0
Comments
sign in to comment!
No comments posted yet!